 Dungeon Crawl Stone Soup version 0.29-a0-284-gf9362112df (webtiles) character file.

Game seed: 12021138370979937671

2885 domi the Magician (level 9, -17/57 HPs)
             Began as a Demonspawn Hedge Wizard on Mar 21, 2022.
             Was an Initiate of Gozag.
             Demolished by a two-headed ogre
             ... wielding a +0 great mace
              (23 damage)
             ... on level 8 of the Dungeon.
             The game lasted 00:21:07 (8884 turns).

domi the Magician (Demonspawn Hedge Wizard)         Turns: 8884, Time: 00:21:08

Health: -17/57     AC:  9    Str: 17    XL:     9   Next: 48%
Magic:  0/19       EV: 12    Int: 20    God:    Gozag
Gold:   1167       SH:  0    Dex: 12    Spells: 13/21 levels left

rFire   . . .      SeeInvis .   v - +8 spear of the Arena {flame, rPois}
rCold   . . .      Faith    .   (no shield)
rNeg    . . .      Spirit   +   b - +0 robe
rPois   +          Reflect  .   c - +0 hat
rElec   .          Harm     .   (no cloak)
rCorr   .          Rampage  .   (no gloves)
Will    .....                   r - +0 pair of boots
Stlth   ++........              (no amulet)
HPRegen 0.19/turn               e - +4 ring of protection
MPRegen 0.32/turn               m - +6 ring of strength

@: very slightly contaminated
A: hooves 1, thin metallic scales 1, spiny 1, magic shield, magic regeneration
a: Renounce Religion, Potion Petition, Call Merchant, Bribe Branch


You were on level 8 of the Dungeon.
You worshipped Gozag.
Gozag was most pleased with you.
You visited 2 branches of the dungeon, and saw 9 of its levels.
You also visited: Ossuary.

You collected 1294 gold pieces.
You paid 127 gold pieces to Gozag.

Inventory:

Hand Weapons
 a - a +0 dagger of flaming
 v - the +8 spear of the Arena (weapon) {flame, rPois}
   (You found it on level 3 of the Dungeon)

   It burns those it strikes, dealing additional fire damage.
   rPois:     It protects you from poison.
 x - a +2 quarterstaff of holy wrath
   (You found it on level 4 of the Dungeon)
 F - a +0 mace of venom
   (You took it off an orc priest on level 7 of the Dungeon)
Missiles
 f - 11 boomerangs
Armour
 b - a +0 robe (worn)
 c - a +0 hat (worn)
 r - a +0 pair of boots (worn)
   (You found it on level 2 of the Dungeon)
Jewellery
 e - a +4 ring of protection (left hand)
   (You found it on level 2 of the Dungeon)
 m - a +6 ring of strength (right hand)
   (You found it on level 1 of the Dungeon)
 o - a +4 ring of evasion
   (You found it on level 2 of the Dungeon)
 s - a +6 ring of dexterity
   (You found it on level 3 of the Dungeon)
Wands
 H - a wand of acid (7)
   (You found it on level 7 of the Dungeon)
Scrolls
 h - 2 scrolls of vulnerability {!r!r}
 j - 8 scrolls of identify {@r1}
 p - 2 scrolls of amnesia
 y - 3 scrolls of enchant weapon {unknown}
 A - a scroll of holy word {unknown}
 B - 2 scrolls of teleportation {@r4}
 C - a scroll of blinking {unknown}
 E - a scroll of immolation {unknown}
 G - a scroll of noise {unknown}
 I - a scroll of brand weapon
Potions
 d - 3 potions of magic
 g - 2 potions of mutation {unknown}
 i - 3 potions of lignification {!q!q}
 k - a potion of attraction {unknown}
 l - 5 potions of curing {unknown}
 n - 3 potions of degeneration {unknown}
 q - a potion of invisibility {unknown}
 t - a potion of resistance {unknown}
 u - a potion of berserk rage {unknown}
 w - a potion of might {unknown}
 z - a potion of haste {unknown}
 D - a potion of heal wounds {unknown}


   Skills:
 - Level 1.7 Dodging
 - Level 1.7 Stealth
 + Level 6.9 Spellcasting
 - Level 5.0 Conjurations
 - Level 5.0 Summonings
 + Level 3.9 Translocations
 - Level 5.0 Air Magic
 - Level 5.0 Poison Magic


You had 13 spell levels left.
You knew the following spells:

 Your Spells              Type           Power      Damage    Failure   Level
b - Blink                 Tloc           44%        N/A       3%          2
c - Mephitic Cloud        Conj/Pois/Air  26%        N/A       3%          3
x - Call Imp              Summ           26%        N/A       1%          2
z - Magic Dart            Conj           100%       1d8       1%          1

Your spell library contained the following spells:

 Spells                   Type           Power      Damage    Failure   Level
 Summon Small Mammal      Summ           100%       N/A       1%          1
 Static Discharge         Conj/Air       26%        N/A       1%          2
 Slow                     Hex            24%        N/A       10%         1
 Conjure Flame            Conj/Fire      16%        6-21      11%         3
 Lightning Bolt           Conj/Air       13%        1d26      34%         5
 Maxwell's Capacitive Co  Air            13%        ∞         100%        8


Dungeon Overview and Level Annotations

Branches:
Dungeon (8/15)             Temple (1/1) D:5         Ossuary (visited)
   Lair: D:8-11

Altars:
Ashenzari
Cheibriados
Dithmenos
Elyvilon
Gozag
Hepliaklqana
Kikubaaqudgha
Makhleb
Okawaru
Qazlal
Ru
Sif Muna
Trog
Uskayaw
Vehumet
Wu Jian
Xom
Yredelemnul
Zin

Shops:
D:7 *

Annotations:
D:3 exclusion: ogre
D:7 1 runed translucent door, Snicker's ghost, novice MiGl


Innate Abilities, Weirdness & Mutations

You have large cloven feet.
You are partially covered in thin metallic scales. (AC +2)
You are partially covered in sharp spines.
When hurt, damage is shared between your health and your magic reserves.
You regenerate magic rapidly.


Message History

There is an open door here.
There is an open door here.
There is an open door here.
Snicker's ghost turns its malevolent gaze towards you.
There is a stone staircase leading down here.
Found an escape hatch in the floor.
There is a stone staircase leading down here.
Could not explore, unopened runed door.
Could not explore, unopened runed door.
Could not explore, unopened runed door.
Could not explore, unopened runed door.
Could not explore, unopened runed door.
(D) Dungeon (T) Temple
Where to? (Enter - D:7 @ (x,y), ? - help)
There is a stone staircase leading down here.
You climb downwards.
There is a stone staircase leading up here.
I - a scroll of brand weapon
Found a stone staircase leading up.
A kobold comes into view. It is wielding a +0 dagger.
A kobold is nearby!
A kobold is nearby!
You reach to attack!
You hit the kobold. You burn the kobold.
You kill the kobold!
No target in view!
No target in view!
No target in view!
No target in view!
No target in view!
No target in view!
A kobold brigand and a kobold come into view.
The kobold brigand is wielding a +0 whip and quivering curare-tipped darts.
The kobold is wielding a +0 short sword and quivering poisoned darts.
The kobold brigand shouts!
The kobold shouts!
You hear a shout! x2
A kobold comes into view. It is wielding a +0 short sword.
A kobold comes into view. It is wielding a +0 dagger.
There are monsters nearby!
There are monsters nearby!
There are monsters nearby!
A kobold comes into view. It is wielding a +0 whip.
A kobold comes into view.
It is wielding a +0 dagger and quivering poisoned darts.
The kobold throws a poisoned dart.
The poisoned dart misses you.
Things that are here:
8 gold pieces; a +0 dagger You reach to attack!
You hit the kobold brigand. You burn the kobold brigand.
The kobold throws a poisoned dart.
The poisoned dart closely misses you.
You barely miss the kobold brigand. The kobold brigand misses you.
A two-headed ogre comes into view.
It is wielding a +0 great mace and a +0 giant club.
The two-headed ogre shouts in stereo!
You puncture the kobold brigand! You burn the kobold brigand.
The kobold misses you.
The kobold brigand is struck by your spines.
You kill the kobold brigand!
You puncture the kobold! You burn the kobold.
You kill the kobold!
The kobold is distracted by your dazzling golden aura.
You closely miss the kobold.
The kobold shouts!
The kobold is struck by your spines.
You kill the kobold!
The kobold hits you but does no damage.
You barely miss the kobold. The kobold is struck by your spines.
You kill the kobold!
The kobold is struck by your spines. The kobold completely misses you.
You hit the kobold. You burn the kobold.
You kill the kobold!
You reach to attack!
You hit the kobold but do no damage.
The kobold is no longer distracted by gold.
The kobold throws a poisoned dart.
The poisoned dart barely misses you.
You reach to attack!
You puncture the two-headed ogre! You burn the two-headed ogre.
The kobold is struck by your spines.
You kill the kobold!
The two-headed ogre is struck by your spines.
The two-headed ogre hits you with a +0 great mace!!
The two-headed ogre closely misses you.
You take 14 damage, and have 43/57 hp.
MASSIVE DAMAGE!!
You now have 14/19 mp.
Aim: a two-headed ogre, wielding a +0 great mace and a +0 giant club (lightly wounded, chance to affect: 53%)
You miscast Mephitic Cloud.
You are very lightly contaminated with residual magic.
Nothing appears to happen.
You now have 11/19 mp.
Aim: a two-headed ogre, wielding a +0 great mace and a +0 giant club (lightly wounded, chance to affect: 53%)
The ball explodes into a vile cloud!
The stinking cloud engulfs the two-headed ogre but does no damage.
The stinking cloud engulfs you but does no damage.
You hear a chilling moan.
The two-headed ogre is engulfed in noxious fumes.
The two-headed ogre misses you.
The two-headed ogre hits you with a +0 giant club!!
You take 21 damage, and have 22/57 hp.
MASSIVE DAMAGE!!
You now have 4/19 mp.
The two-headed ogre is engulfed in noxious fumes.
The two-headed ogre attacks as you move away!
The two-headed ogre hits you with a +0 great mace!!
* * * LOW HITPOINT WARNING * * *
The two-headed ogre hits you with a +0 giant club!!
You die...
Your body crumbles into a pile of gold.

........##......#.. ..
............#...#.... $
..##......#...##.###....
#...............###.....
#.......................
##................##.....
#..........###...........
...........###..#........
....#...@..##...........
......☼°O..........###..
...#..○☼°..##..#....# .
......○....##..#<###.#
....#......##...## ##
#.............###
##.......###### .#....#.#
.#....#.


You could see a two-headed ogre.

Vanquished Creatures
  Grinder (D:6)
  Eustachio (D:5)
  2 steam dragons (D:6)
  2 water moccasins
  An orc warrior (D:7)
  An ice beast (D:5)
  A sky beast (D:7)
  An ogre (D:6)
  3 kobold brigands
  2 phantoms
  4 necrophages
  A bullfrog (D:4)
  A scorpion (D:7)
  4 killer bees (D:7)
  3 jellies
  4 orc priests
  A hound (D:7)
  3 iguanas
  An orc wizard (D:7)
  Ijyb (D:5)
  9 mummies
  5 gnolls
  4 adders
  2 white imps
  A dart slug (D:5)
  12 orcs
  5 bats
  7 endoplasms
  4 giant cockroaches
  A gnoll zombie (Ossuary)
  7 goblins
  6 hobgoblins
  2 quokkas
  3 ball pythons
  3 frilled lizards
  A hobgoblin zombie (Ossuary)
  17 kobolds
  A kobold zombie (Ossuary)
  3 orc zombies (Ossuary)
  9 rats
140 creatures vanquished.

Vanquished Creatures (collateral kills)
  An orc warrior (D:6)
  2 orc wizards (D:5)
  2 adders (D:5)
  7 orcs (D:5)
  A giant cockroach (D:5)
  A goblin (D:4)
  A hobgoblin (D:3)
  A gnoll zombie (Ossuary)
  An orc zombie (Ossuary)
17 creatures vanquished.

Vanquished Creatures (others)
  12 fungi (D:6)
12 creatures vanquished.

Grand Total: 169 creatures vanquished

Notes
Turn   | Place    | Note
-------+----------+-------------------------------------------
     0 | D:1      | domi the Demonspawn Hedge Wizard began the quest for the
                  | Orb.
     0 | D:1      | Reached XP level 1. HP: 13/13 MP: 4/4
    33 | D:1      | You fall into a shaft and drop 1 floor!
   370 | D:1      | Gained mutation: You have large cloven feet. [demonic
                  | ancestry]
   370 | D:1      | Reached XP level 2. HP: 19/19 MP: 1/6
   373 | D:1      | Learned a level 2 spell: Call Imp
   376 | D:1      | Learned a level 2 spell: Blink
   556 | D:1      | Reached skill level 2 in Conjurations
  1089 | D:2      | Found a faded altar of an unknown god.
  1991 | D:3      | Gained mutation: You regenerate magic rapidly. [demonic
                  | ancestry]
  1991 | D:3      | Reached XP level 3. HP: 24/24 MP: 1/7
  2088 | D:3      | Learned a level 3 spell: Mephitic Cloud
  2140 | D:3      | HP: 4/24 [gnoll/+0 flail (11)]
  2404 | D:3      | Reached skill level 3 in Conjurations
  2406 | D:3      | HP: 6/24 [rat (1)]
  2842 | D:3      | Identified the +8 spear of the Arena {flame, rPois}
  2917 | D:3      | Noticed an ogre
  3328 | D:3      | Reached XP level 4. HP: 30/30 MP: 6/9
  3342 | D:3      | Found an ancient bone altar of Kikubaaqudgha.
  3342 | D:3      | Found a shimmering blue altar of Sif Muna.
  3344 | D:3      | Found a radiant altar of Vehumet.
  3349 | D:3      | Got Sif Muna's Volume of Summoning
  3812 | D:4      | Noticed a phantom
  3841 | D:4      | Killed a phantom
  3842 | D:4      | Reached skill level 4 in Conjurations
  3842 | D:4      | Reached XP level 5. HP: 22/35 MP: 2/10
  3997 | D:4      | Reached skill level 4 in Spellcasting
  4607 | D:5      | Entered Level 5 of the Dungeon
  4660 | D:5      | Found a staircase to the Ecumenical Temple.
  4673 | D:5      | Reached skill level 5 in Conjurations
  4673 | D:5      | Reached XP level 6. HP: 39/41 MP: 12/12
  4698 | Temple   | Entered the Ecumenical Temple
  4769 | Temple   | Became a worshipper of Gozag Ym Sagoz the Greedy
  4946 | D:5      | Found a sand-covered staircase.
  4963 | Ossuary  | Entered an ossuary
  5059 | Ossuary  | Reached skill level 2 in Summonings
  5421 | D:5      | Noticed Eustachio
  5424 | D:5      | Reached skill level 3 in Summonings
  5601 | D:5      | Gained mutation: You are partially covered in sharp spines.
                  | [demonic ancestry]
  5601 | D:5      | Reached XP level 7. HP: 46/46 MP: 14/14
  5706 | D:5      | Found a bloodstained altar of Trog.
  5757 | D:5      | Noticed Ijyb
  5764 | D:5      | Killed Ijyb
  5765 | D:5      | Reached skill level 5 in Spellcasting
  5914 | D:5      | Reached skill level 4 in Summonings
  6214 | D:5      | Killed Eustachio
  6215 | D:5      | Reached skill level 5 in Summonings
  6395 | D:6      | Reached skill level 1 in Translocations
  6446 | D:6      | Reached skill level 1 in Air Magic
  6446 | D:6      | Reached skill level 1 in Poison Magic
  6446 | D:6      | Gained mutation: You are partially covered in thin metallic
                  | scales. (AC +2) [demonic ancestry]
  6446 | D:6      | Reached XP level 8. HP: 52/52 MP: 13/16
  6499 | D:6      | Found a shadowy altar of Dithmenos.
  6654 | D:6      | Reached skill level 2 in Air Magic
  6654 | D:6      | Reached skill level 2 in Poison Magic
  6676 | D:6      | Reached skill level 2 in Translocations
  6712 | D:6      | Reached skill level 6 in Spellcasting
  6712 | D:6      | Reached skill level 3 in Air Magic
  6712 | D:6      | Reached skill level 3 in Poison Magic
  6924 | D:6      | Noticed Grinder
  6938 | D:6      | Killed Grinder
  7192 | D:6      | HP: 9/52 [orc warrior/+0 trident (6)]
  7202 | D:6      | Reached skill level 4 in Poison Magic
  7461 | D:7      | Gained mutation: When hurt, damage is shared between your
                  | health and your magic reserves. [demonic ancestry]
  7461 | D:7      | Reached XP level 9. HP: 57/57 MP: 18/18
  7517 | D:7      | Found Eqaotuh's Island Escapes.
  7608 | D:7      | Found a hazy altar of Hepliaklqana.
  7617 | D:7      | Reached skill level 4 in Air Magic
  7662 | D:7      | Found a runed translucent door.
  7663 | D:7      | Found a shimmering altar of Xom.
  7663 | D:7      | Noticed Snicker's ghost (novice MiGl)
  7663 | D:7      | Noticed a +0 whip of chaos
  7693 | D:7      | Reached skill level 3 in Translocations
  7808 | D:7      | Reached skill level 5 in Poison Magic
  7959 | D:7      | Reached skill level 5 in Air Magic
  8873 | D:8      | Noticed a two-headed ogre
  8884 | D:8      | HP: 6/57 [two-headed ogre/+0 great mace (16)]
  8884 | D:8      | Demolished by a two-headed ogre

Illustrated notes

Levels and vault maps discovered:
D:1:      saegor_arrival_simple_e, layout_basic
D:2:      layout_basic, shapermc_ecumenical_altar_mp_urbaneastern
D:3:      layout_basic, grunt_temple_overflow_magic_moments,
          hangedman_feature_mirror, minmay_randomly_rotated_circles
D:4:      layout_loops_cross
D:5:      layout_loops_ring, overflow_temple_1_default, temple_green,
          gup_ossuary_entry_pyramid, gup_sewer_entry_glass, uniq_ijyb,
          uniq_eustachio
D:6:      kennysheep_steamy, layout_basic, grunt_dithmenos_smoke, uniq_grinder
D:7:      layout_loops_corners, mainiacjoe_overflow_alcove_1, ebering_ghost_xom,
          enter_bailey_4, st_stairs_12, nicolae_island_escapes
D:8:      layout_layer_cave, nicolae_tso_besieged_by_evil,
          nicolae_underground_beach
Temple:   dshaligram_water_room_temple

Skill      XL: |  1  2  3  4  5  6  7  8  9 |
---------------+----------------------------+-----
Conjurations   | 2 3 4 5 |  5.0
Spellcasting   | 4 5 6 |  6.9
Summonings     | 3 5 |  5.0
Translocations | 1 2 3 |  3.9
Air Magic      | 1 3 5 |  5.0
Poison Magic   | 1 4 5 |  5.0
Dodging        | |  1.7
Stealth        | |  1.7

Action                   |  1- 3 |  4- 6 |  7- 9 || total
-------------------------+-------+-------+-------++-------
Melee: Dagger            |    53 |    33 |       ||    86
       Kick              |     9 |    11 |       ||    20
       Spear             |       |    44 |   161 ||   205
       Punch             |       |       |     1 ||     1
 Cast: Magic Dart        |    93 |    53 |     8 ||   154
       Call Imp          |     5 |    12 |     5 ||    22
       Blink             |     1 |       |     1 ||     2
       Mephitic Cloud    |       |     4 |    12 ||    16
  Use: Scroll            |     1 |     5 |       ||     6
       Potion            |     1 |       |       ||     1
 Stab: Sleeping          |     1 |     1 |     1 ||     3
       Distracted        |       |     2 |     1 ||     3
       Confused          |       |       |     7 ||     7
Armor: Robe              |    30 |    17 |    29 ||    76
Dodge: Dodged            |    37 |    37 |    66 ||   140

Table legend: (Time is in decaauts)
 A = Elapsed time spent in this place.
 B = Non-inter-level travel time spent in this place.
 C = Inter-level travel time spent in this place.
 D = Time resting spent in this place.
 E = Time spent auto-exploring this place.
 F = Levels seen in this place.
 G = Mean time per level.
                   A        B        C        D        E       F      G
               +--------+--------+--------+--------+--------+-----+--------+
         Total |   8916 |   8539 |    377 |   1588 |   5318 |  10 |  891.6 |
       Dungeon |   8310 |   7952 |    358 |   1487 |   5024 |   8 | 1038.8 |
        Temple |    180 |    161 |     19 |      0 |    115 |   1 |  180.0 |
       Ossuary |    424 |    424 |      0 |    101 |    179 |   1 |  424.0 |
               +--------+--------+--------+--------+--------+-----+--------+

Top non-repeatable levels by time:
     D:3: 1667 daAuts
     D:7: 1329 daAuts
     D:6: 1128 daAuts
     D:5: 1095 daAuts
     D:4: 1021 daAuts
     D:1: 998 daAuts
     D:2: 947 daAuts
 Ossuary: 424 daAuts
  Temple: 180 daAuts
     D:8: 121 daAuts

Table legend:
 A = Kills in this place as a percentage of kills in entire the game.
 B = Kills by you in this place as a percentage of kills by you in the entire game.
 C = Kills by friends in this place as a percentage of kills by friends in the entire game.
 D = Other kills in this place as a percentage of other kills in the entire game.
 E = Experience gained in this place as a percentage of experience gained in the entire game.
 F = Experience gained in this place divided by the number of levels of this place that you have seen.
                   A       B       C       D       E      F
               +-------+-------+-------+-------+-------+----------------------
         Total | 100.0 | 100.0 | 100.0 | 100.0 | 100.0 | 412.2
       Dungeon |  89.8 |  89.7 |  88.2 | 100.0 |  96.3 | 496.4
       Ossuary |  10.2 |  10.3 |  11.8 |   0.0 |   3.7 | 151.0
               +-------+-------+-------+-------+-------+----------------------
